 Dungeon Crawl Stone Soup version 0.24.0-28-g17ded55e90 (webtiles) character file.

Game seed: 3419344482768019748, levelgen mode: deterministic

761 gunter2 the Cudgeler (level 7, -1/44 HPs)
             Began as a Gargoyle Fighter on Nov 12, 2019.
             Slain by a bullfrog skeleton (3 damage)
             ... on level 8 of the Dungeon.
             The game lasted 00:09:52 (3855 turns).

gunter2 the Cudgeler (Gargoyle Fighter)             Turns: 3855, Time: 00:09:55

Health: -1/44      AC: 12    Str: 26    XL:     7   Next: 80%
Magic:  7/7        EV:  8    Int:  9    God:
Gold:   220        SH: 10    Dex:  9    Spells: 6/6 levels left

rFire    . . .     SeeInvis .   a - +0 flail
rCold    . . .     Gourm    .   c - +0 shield
rNeg     + . .     Faith    .   b - +0 scale mail
rPois    ∞         Spirit   .   (no helmet)
rElec    +         Reflect  .   (no cloak)
rCorr    .         Harm     .   (no gloves)
MR       .....                  (no boots)
Stlth    ..........             (no amulet)
HPRegen  0.14/turn              (no ring)
MPRegen  0.10/turn              (no ring)

@: mighty
A: negative energy resistance 1, electricity resistance, unbreathing,
petrification resistance, rot immunity, AC +4
a: no special abilities


You were on level 8 of the Dungeon.
You were not hungry.

You visited 1 branch of the dungeon, and saw 6 of its levels.

You collected 220 gold pieces.

Inventory:

Hand Weapons
 a - a +0 flail (weapon)
Armour
 b - a +0 scale mail (worn)
 c - a +0 shield (worn)
Wands
 t - a wand of paralysis (10)
Scrolls
 e - a scroll of blinking {unknown}
 h - a scroll of enchant armour {unknown}
 i - 2 scrolls of teleportation {unknown}
 j - 2 scrolls of fog {unknown}
 m - 2 scrolls of remove curse {unknown}
 o - 2 scrolls of identify {unknown}
 q - a scroll of noise {unknown}
 r - a scroll of amnesia {unknown}
 s - a scroll of immolation {unknown}
Potions
 g - 2 potions of flight {unknown}
 k - a potion of magic {unknown}
 l - 2 potions of curing {unknown}
 n - 4 potions of heal wounds {unknown}
 p - 2 potions of haste {unknown}
Comestibles
 f - 5 rations


   Skills:
 + Level 4.7 Fighting
 + Level 5.9 Maces & Flails
 + Level 5.1 Armour
 + Level 5.3 Shields


You had 6 spell levels left.
You didn't know any spells.
Your spell library was empty.

Dungeon Overview and Level Annotations

Branches:
Dungeon (5/15)
 Temple: D:4-7

Altars:
Sif Muna
Yredelemnul
The Shining One

Shops:
D:8 [


Innate Abilities, Weirdness & Mutations

You are resistant to torment.
Your stone body is resilient. (AC +4)
You are immune to poison.
You resist negative energy. (rN+)
You are resistant to electric shocks. (rElec)
You can survive without breathing.
You are immune to petrification.
You are immune to rotting.


Message History

You kill the howler monkey!
The centaur wields a +2 shortbow of velocity.
The centaur shoots an arrow.
The arrow barely misses you.
The bullfrog skeleton hits you but does no damage.
You block the hound's attack.
The bullfrog skeleton hits you but does no damage.
The hound closely misses you.
Your shield and scale mail prevent you from hitting the centaur.
The centaur unwields a +2 shortbow of velocity.
You block the centaur's attack. You block the hound's attack.
The bullfrog skeleton barely misses you.
An orc comes into view. It is wielding a +0 dagger.
The hound bites you but does no damage.
You feel very mighty all of a sudden. You block the centaur's attack.
The bullfrog skeleton barely misses you.
You block the hound's attack.
The centaur hits you but does no damage.
The bullfrog skeleton hits you.
You die...

######
#..(.#
#....#
#....#
#..@.#
#.hcZ#
#..∩...
#.....?..
#.........#
#.......).#
#........o#
#..........


You could see a centaur, a hound, an orc and a bullfrog skeleton.

Vanquished Creatures
  A centaur (D:8)
  A bullfrog (D:8)
  3 howler monkeys (D:8)
  3 jellies (D:4)
  An orc priest (D:3)
  A bullfrog skeleton (D:4)
  An orc wizard (D:3)
  2 worker ants (D:4)
  Natasha (twice) (D:3)
  A hound skeleton (D:4)
  6 adders
  10 oozes
  A worm (D:3)
  2 dart slugs (D:1)
  A leopard gecko (D:2)
  12 orcs
  9 bats
  A giant cockroach (D:2)
  13 goblins
  9 hobgoblins
  5 jackals (D:2)
  14 kobolds
  4 quokkas
  A ball python (D:4)
  8 frilled lizards
  10 rats
122 creatures vanquished.

Vanquished Creatures (others)
  A fungus (D:4)
  9 toadstools (D:4)
10 creatures vanquished.

Grand Total: 132 creatures vanquished

Notes
Turn   | Place    | Note
-------+----------+-------------------------------------------
     0 | D:1      | gunter2 the Gargoyle Fighter began the quest for the Orb.
     0 | D:1      | Reached XP level 1. HP: 14/14 MP: 1/1
   114 | D:1      | Reached XP level 2. HP: 19/19 MP: 2/2
   295 | D:1      | Reached XP level 3. HP: 24/24 MP: 3/3
   345 | D:1      | You fall into a shaft and drop 1 floor!
   834 | D:1      | Reached XP level 4. HP: 29/29 MP: 4/4
  1663 | D:3      | Reached XP level 5. HP: 33/33 MP: 5/5
  1682 | D:3      | Found a basalt altar of Yredelemnul.
  2042 | D:3      | Found a glowing golden altar of the Shining One.
  2043 | D:3      | Found a shimmering blue altar of Sif Muna.
  2254 | D:3      | Noticed Natasha
  2263 | D:3      | Reached XP level 6. HP: 38/38 MP: 6/6
  2290 | D:3      | Killed Natasha
  2450 | D:3      | Noticed Natasha
  2471 | D:3      | Killed Natasha
  3226 | D:4      | Reached skill level 5 in Maces & Flails
  3226 | D:4      | Reached XP level 7. HP: 17/43 MP: 7/7
  3231 | D:4      | Reached skill level 5 in Shields
  3758 | D:5      | Entered Level 5 of the Dungeon
  3806 | D:5      | You fall into a shaft and drop 3 floors!
  3806 | D:8      | Found Geal's Armour Emporium.
  3829 | D:8      | Reached skill level 5 in Armour
  3852 | D:8      | HP: 1/44 [bullfrog skeleton (2)]
  3855 | D:8      | Slain by a bullfrog skeleton

Levels and vault maps discovered:
D:1:      dpeg_arrival_subterranean_lakeside_camping, layout_basic
D:2:      layout_rooms, first_ration, serial_bayou_lake_a
D:3:      layout_basic, old_standard_altar, gammafunk_temple_overflow_pools,
          serial_glass, glass_columns_b, glass_columns_a, feat_on_display,
          minmay_strange_pillars, uniq_natasha
D:4:      cheibrodos_fertilizer, layout_basic
D:5:      layout_basic
D:8:      cheibrodos_elevator_heist, layout_rooms, grunt_temple_overflow_open,
          serial_shops, shop, uniq_joseph, uniq_maurice

Skill      XL: |  1  2  3  4  5  6  7 |
---------------+----------------------+-----
Maces & Flails | 3 4 5 |  5.9
Shields        | 4 5 |  5.3
Armour         | 4 5 |  5.1
Fighting       | 4 |  4.7

Action                   |  1- 3 |  4- 6 |  7- 9 || total
-------------------------+-------+-------+-------++-------
Melee: Flail             |   115 |   316 |    61 ||   492
  Use: Potion            |       |       |     1 ||     1
  Eat: Chunk             |       |     8 |       ||     8
       Ration            |       |       |     1 ||     1
Armor: Scale mail        |    97 |   172 |    76 ||   345
Dodge: Dodged            |    44 |    84 |    38 ||   166
Block: Shield            |    64 |   155 |    64 ||   283
